Map: Lightshade LE

Players

Reynor

  • Race: Zerg Zerg

DPGZest (Zest) - Winner!

  • Race: Protoss Protoss

Event: DreamHack SC2 Masters 2021 Summer

VOD

Have the link to the VOD?

Description

Time

  • Played on: July 1, 2021, 10:44 a.m.
  • Length: 10:41

All games in this series

Show
View Real Time Build Order
Export as new Build Order

Reynor Zerg 

Build Orders: Hatch First 

Get SALT Encoding   

  12  0:00  Drone  
  13  0:12  Overlord  
  13  0:16  Drone  
  14  0:30  Drone x2  
  16  0:48  Hatchery  
  15  0:50  Drone  
  15  0:54  Drone  
  17  0:57  Drone  
  18  1:08  Extractor  
  17  1:13  Spawning Pool  
  17  1:16  Drone  
  17  1:19  Drone  
  18  1:27  Drone  
  19  1:38  Drone  
  20  1:49  Overlord  
  20  2:00  Queen  
  20  2:01  Queen  
  22  2:02  Drone x2  
  26  2:10  Zergling x2  
  26  2:12  Zergling x2  
  26  2:14  Metabolic Boost  
  28  2:21  Drone x2  
  30  2:37  Hatchery  
  30  2:38  Drone  
  30  2:39  Drone  
  31  2:45  Queen  
  31  2:49  Overlord  
  33  2:52  Drone  
  33  2:56  Drone x2  
  36  3:04  Overlord  
  36  3:08  Drone  
  36  3:10  Zergling x4  
  36  3:12  Drone  
  40  3:14  Queen  
  40  3:19  Overlord  
  42  3:21  Drone  
  42  3:26  Drone  
  44  3:28  Queen  
  44  3:30  Drone  
  47  3:36  Overlord  
  47  3:44  Drone  
  47  3:48  Drone  
  49  3:49  Drone  
  49  3:51  Drone, Queen  
  49  3:53  Drone  
  49  3:54  Zergling x4  
  56  3:57  Spore Crawler  
  56  3:59  Overlord  
  56  4:01  Drone x2  
  57  4:05  Queen  
  57  4:09  Overlord  
  59  4:12  Drone  
  59  4:13  Drone  
  61  4:18  Drone  
  61  4:21  Drone x3  
  61  4:23  Drone  
  65  4:25  Spore Crawler  
  65  4:26  Drone  
  65  4:31  Overlord  
  65  4:33  Drone  
  65  4:35  Drone  
  65  4:36  Drone x2  
  65  4:38  Drone  
  69  4:42  Roach Warren  
  69  4:44  Queen  
  70  4:48  Extractor x2  
  70  4:49  Queen  
  70  4:52  Drone  
  71  4:55  Drone x3  
  71  4:56  Drone  
  71  4:58  Drone  
  76  5:04  Overlord  
  76  5:06  Drone x2  
  78  5:07  Drone  
  78  5:11  Overlord  
  79  5:19  Overlord  
  79  5:21  Extractor, Lair  
  79  5:23  Queen  
  79  5:25  Queen  
  79  5:26  Overlord  
  82  5:31  Drone x2  
  82  5:33  Roach  
  82  5:34  Roach x3  
  92  5:37  Roach x2  
  92  5:38  Zergling x2  
  92  5:42  Roach x2  
  101  5:45  Roach x2  
  105  5:53  Roach x2  
  105  5:56  Roach x2  
  113  5:58  Queen  
  115  6:04  Zergling x12  
  115  6:05  Zergling x2  
  115  6:09  Overlord x2  
  122  6:15  Zergling x2  
  119  6:19  Ravager x3  
  119  6:20  Overlord  
  119  6:24  Overlord  
  122  6:29  Zergling x12  
  122  6:30  Ravager x2  
  129  6:33  Zergling x4  
  129  6:35  Zergling x4  
  129  6:38  Zergling x2  
  124  6:43  Zergling x2, Roach x3  
  126  6:48  Roach  
  126  6:50  Queen x2  
  126  6:53  Queen, Zergling x4  
  125  6:59  Roach  
  121  7:02  Zergling x2, Roach  
  113  7:10  Roach x2  
  113  7:14  Roach x2  
  105  7:18  Zergling x4  
  105  7:22  Roach  
  100  7:26  Queen x2  
  100  7:27  Zergling x4  
  100  7:29  Queen  
  104  7:36  Glial Reconstitution  
  104  7:38  Drone x5  
  104  7:41  Ravager x2, Evolution Chamber  
  104  7:42  Ravager, Roach  
  104  7:43  Zergling x2  
  114  7:47  Ravager x2  
  116  7:56  Drone x3  
  116  7:57  Drone  
  118  7:58  Extractor  
  118  8:00  Extractor  
  118  8:01  Queen x2  
  118  8:02  Spore Crawler  
  118  8:05  Queen  
  121  8:09  Zerg Missile Weapons Level 1  
  121  8:10  Spore Crawler  
  120  8:13  Drone x2  
  120  8:14  Drone  
  123  8:21  Roach x2  
  123  8:22  Roach  
  129  8:31  Overlord  
  129  8:37  Queen x2  
  129  8:40  Queen  
  135  8:45  Drone  
  136  8:51  Spore Crawler  
  135  8:57  Overlord  
  135  8:59  Hatchery, Roach x8  
  150  9:08  Roach x3  
  156  9:12  Overlord  
  156  9:13  Queen x2  
  160  9:21  Queen  
  160  9:23  Roach x3  
  168  9:25  Overlord  
  168  9:31  Ravager x6  
  173  9:32  Ravager x2, Overlord  
  173  9:36  Roach x2  
  174  9:42  Infestation Pit  
  171  9:48  Queen, Ravager x2  
  171  9:49  Roach x5  
  183  9:54  Queen  
  183  9:59  Queen  
  183  10:04  Roach x4  
  165  10:07  Roach  
  165  10:12  Zergling x2, Roach x2  
  146  10:18  Roach x3  
Show
View Real Time Build Order
Export as new Build Order

DPGZest Protoss - Winner!

Build Orders: 1 Gate Expand, Oracle Opening 

Get SALT Encoding   

  12  0:00  Probe  
  13  0:12  Probe  
  14  0:20  Pylon  
  14  0:24  Probe  
  15  0:38  Probe (Chrono Boost)  
  15  0:40  Gateway  
  16  0:48  Probe (Chrono Boost)  
  16  0:49  Assimilator  
  17  0:53  Probe (Chrono Boost)  
  18  1:04  Probe  
  19  1:16  Probe  
  20  1:25  Nexus  
  20  1:36  Cybernetics Core  
  20  1:39  Probe  
  21  1:45  Assimilator  
  21  1:51  Probe  
  22  1:54  Pylon  
  22  2:03  Probe (Chrono Boost)  
  23  2:12  Adept  
  23  2:15  Probe (Chrono Boost)  
  26  2:18  Stargate  
  26  2:20  Probe (Chrono Boost)  
  27  2:25  Warp Gate  
  27  2:31  Probe (Chrono Boost)  
  28  2:38  Probe (Chrono Boost)  
  28  2:42  Adept  
  32  2:47  Probe x2 (Chrono Boost)  
  33  2:52  Probe (Chrono Boost)  
  33  2:53  Void Ray (Chrono Boost)  
  33  2:54  Probe  
  35  3:03  Pylon  
  39  3:05  Probe  
  39  3:07  Probe  
  41  3:15  Gateway  
  41  3:18  Probe  
  41  3:19  Probe  
  43  3:26  Oracle (Chrono Boost)  
  46  3:30  Probe  
  46  3:31  Probe  
  48  3:42  Probe  
  48  3:43  Probe  
  50  3:49  Nexus  
  50  3:52  Pylon  
  50  3:54  Probe  
  51  3:55  Probe  
  51  4:02  Assimilator  
  52  4:04  Assimilator  
  52  4:07  Probe  
  53  4:12  Stargate  
  53  4:15  Probe, Pylon  
  54  4:19  Probe  
  54  4:20  Protoss Air Weapons Level 1  
  55  4:27  Probe  
  55  4:31  Probe  
  57  4:39  Probe  
  57  4:41  Pylon, Forge  
  57  4:43  Probe  
  59  4:51  Probe (Chrono Boost), Shield Battery  
  60  4:53  Void Ray x2  
  60  4:55  Probe (Chrono Boost)  
  69  5:02  Probe (Chrono Boost)  
  69  5:04  Probe (Chrono Boost)  
  72  5:07  Probe (Chrono Boost)  
  72  5:12  Probe x2 (Chrono Boost)  
  72  5:13  Probe (Chrono Boost), Adept x2  
  79  5:16  Probe (Chrono Boost)  
  79  5:18  Probe  
  80  5:21  Probe  
  80  5:27  Assimilator  
  81  5:28  Probe, Pylon  
  81  5:30  Probe, Void Ray (Chrono Boost)  
  81  5:33  Probe  
  81  5:35  Void Ray (Chrono Boost)  
  84  5:39  Assimilator  
  84  5:40  Probe  
  93  5:46  Probe x2  
  93  5:49  Photon Cannon  
  95  5:52  Probe  
  95  5:53  Pylon  
  95  5:55  Robotics Facility  
  96  5:57  Photon Cannon  
  96  5:58  Probe x2  
  96  6:03  Shield Battery  
  98  6:05  Probe  
  98  6:10  Adept  
  98  6:11  Void Ray x2 (Chrono Boost)  
  101  6:13  Photon Cannon  
  107  6:25  Shield Battery  
  107  6:26  Shield Battery  
  107  6:27  Shield Battery x2  
  107  6:29  Pylon  
  107  6:40  Photon Cannon  
  107  6:41  Photon Cannon, Void Ray, Adept  
  107  6:44  Photon Cannon  
  113  6:56  Zealot  
  115  7:06  Void Ray  
  115  7:08  Immortal (Chrono Boost)  
  115  7:13  Protoss Ground Weapons Level 1 (Chrono Boost)  
  117  7:21  Photon Cannon  
  117  7:23  Twilight Council  
  117  7:27  Pylon  
  117  7:29  Pylon  
  117  7:34  Pylon  
  117  7:38  Gateway  
  117  7:39  Gateway, Void Ray  
  117  7:40  Gateway x2  
  117  7:42  Gateway  
  117  7:43  Void Ray  
  117  7:45  Probe, Gateway, Pylon  
  117  7:46  Observer  
  117  7:47  Pylon  
  127  7:57  Charge (Chrono Boost)  
  127  7:58  Sentry x2  
  131  8:00  Templar Archives  
  131  8:03  Gateway  
  131  8:05  Gateway  
  131  8:06  Gateway x2  
  131  8:09  Pylon, Immortal (Chrono Boost)  
  135  8:19  Pylon  
  135  8:20  Pylon  
  135  8:22  Photon Cannon, Pylon  
  135  8:23  Pylon  
  135  8:41  Immortal (Chrono Boost)  
  139  8:42  Photon Cannon  
  139  8:45  High Templar x4  
  147  8:49  Archon  
  147  8:50  Archon  
  147  8:55  Nexus  
  147  8:57  High Templar x2, Zealot, Sentry  
  147  8:58  Zealot  
  157  9:03  Archon  
  157  9:07  Pylon  
  157  9:14  Pylon, Warp Prism (Chrono Boost)  
  159  9:21  High Templar x2  
  159  9:22  Zealot x8  
  179  9:25  Archon  
  178  9:38  Zealot x2  
  182  9:45  Zealot x6  
  152  10:10  Zealot x4  
  152  10:11  Zealot x6  
  131  10:33  Zealot x10  
Tags
 
Add a new tag
Caveats
  • Supply blocks, unpowered buildings, or Contaminate may cause inaccurate times.
  • Supply counts are checked every 10 seconds.